[ PARTIDA AOE2 · #472982866 ]
UnrankedPortugueses vs Vietnamese
[ ANÁLISIS DE REPETICIÓN · EXTRAÍDO DE LA PARTIDA GRABADA ]
Feudal
10:57
Castillos
14:28
Imperial
—
| APM promedio | 61.1 |
| APM pico | 107 |
| eAPM promedio | 24.8 |
| Aldeanos / militares | 69 / 28 |
Foco
⚔️ 30.1% · 🌾 69.9%
Organ Gun ×28
Feudal
9:16
Castillos
20:02
Imperial
—
| APM promedio | 36.2 |
| APM pico | 89 |
| eAPM promedio | 17.5 |
| Aldeanos / militares | 53 / 7 |
Foco
⚔️ 37.6% · 🌾 62.4%
Militia ×4 · Mangonel ×3
Feudal
8:30
Castillos
19:17
Imperial
—
| APM promedio | 70.4 |
| APM pico | 122 |
| eAPM promedio | 36.1 |
| Aldeanos / militares | 75 / 52 |
Foco
⚔️ 50.4% · 🌾 49.6%
Steppe Lancer ×46 · Battering Ram ×6
Feudal
11:21
Castillos
16:08
Imperial
24:46
| APM promedio | 44.0 |
| APM pico | 104 |
| eAPM promedio | 15.7 |
| Aldeanos / militares | 76 / 11 |
Foco
⚔️ 28.1% · 🌾 71.9%
Rattan Archer ×9 · Trebuchet (Packed) ×2
Feudal
10:56
Castillos
14:31
Imperial
—
| APM promedio | 47.7 |
| APM pico | 95 |
| eAPM promedio | 24.8 |
| Aldeanos / militares | 75 / 31 |
Foco
⚔️ 38.9% · 🌾 61.1%
Conquistador ×31
Feudal
11:23
Castillos
14:57
Imperial
—
| APM promedio | 37.4 |
| APM pico | 64 |
| eAPM promedio | 13.3 |
| Aldeanos / militares | 76 / 19 |
Foco
⚔️ 26.5% · 🌾 73.5%
Genitour ×18 · Skirmisher ×1
Feudal
10:31
Castillos
14:12
Imperial
—
| APM promedio | 64.5 |
| APM pico | 110 |
| eAPM promedio | 37.8 |
| Aldeanos / militares | 63 / 29 |
Foco
⚔️ 50.3% · 🌾 49.7%
War Wagon ×18 · Battering Ram ×11
Feudal
11:55
Castillos
15:37
Imperial
—
| APM promedio | 29.0 |
| APM pico | 55 |
| eAPM promedio | 13.6 |
| Aldeanos / militares | 78 / 11 |
Foco
⚔️ 23.7% · 🌾 76.3%
Knight ×5 · Camel Archer ×4 · Monk ×2
Mapa de la partida
Recursos iniciales + cada clic de construcción. Líneas = muros · curvas = relieve. ◆ oro · ⬟ piedra · ● bayas · ✦ reliquia · ◌ hueco del cierre
Inputs por minuto
— 大橘八 - - chuoi
Build order — 大橘八
Primeras 150 de 158 acciones detectadas
| 0:00 | Crear | Villager (Male) |
| 0:02 | Construir | House |
| 0:03 | Construir | House |
| 0:04 | Crear | Villager (Male) |
| 0:04 | Crear | Villager (Male) |
| 0:20 | Crear | Villager (Male) |
| 0:21 | Crear | Villager (Male) |
| 1:30 | Crear | Villager (Male) |
| 1:30 | Crear | Villager (Male) |
| 1:30 | Crear | Villager (Male) |
| 1:45 | Construir | Lumber Camp |
| 1:58 | Crear | Villager (Male) |
| 1:58 | Crear | Villager (Male) |
| 1:58 | Crear | Villager (Male) |
| 2:21 | Crear | Villager (Male) |
| 2:22 | Crear | Villager (Male) |
| 2:38 | Crear | Villager (Male) |
| 2:38 | Crear | Villager (Male) |
| 2:56 | Crear | Villager (Male) |
| 2:56 | Crear | Villager (Male) |
| 3:39 | Crear | Villager (Male) |
| 3:40 | Crear | Villager (Male) |
| 3:40 | Crear | Villager (Male) |
| 3:53 | Construir | House |
| 4:21 | Crear | Villager (Male) |
| 4:29 | Construir | House |
| 4:39 | Construir | Palisade Wall |
| 4:42 | Construir | Building 804 |
| 5:01 | Crear | Villager (Male) |
| 5:02 | Crear | Villager (Male) |
| 5:02 | Crear | Villager (Male) |
| 5:05 | Construir | Mill |
| 6:10 | Crear | Villager (Male) |
| 6:10 | Crear | Villager (Male) |
| 6:54 | Crear | Villager (Male) |
| 6:55 | Crear | Villager (Male) |
| 7:43 | Crear | Villager (Male) |
| 7:49 | Construir | Mining Camp |
| 8:04 | Construir | Mining Camp |
| 8:14 | Crear | Villager (Male) |
| 8:41 | Investigar | Feudal Age |
| 8:42 | Investigar | Feudal Age |
| 8:53 | Crear | Villager (Male) |
| 8:54 | Crear | Villager (Male) |
| 9:00 | Construir | House |
| 10:57 | Edad | Edad Feudal |
| 10:59 | Construir | Market |
| 11:03 | Construir | Blacksmith |
| 11:48 | Investigar | Castle Age |
| 11:49 | Investigar | Castle Age |
| 12:31 | Investigar | Double-Bit Axe |
| 12:31 | Investigar | Double-Bit Axe |
| 13:40 | Investigar | Horse Collar |
| 13:40 | Investigar | Horse Collar |
| 13:42 | Construir | Farm |
| 13:49 | Construir | Farm |
| 13:54 | Construir | Farm |
| 13:55 | Construir | Farm |
| 14:21 | Construir | Farm |
| 14:28 | Investigar | Loom |
| 14:28 | Edad | Edad de los Castillos |
| 14:50 | Construir | Castle |
| 14:54 | Crear | Villager (Male) |
| 14:57 | Construir | Farm |
| 14:58 | Construir | Farm |
| 15:03 | Construir | Palisade Gate |
| 15:14 | Construir | House |
| 15:24 | Construir | Farm |
| 15:26 | Crear | Villager (Male) |
| 15:27 | Crear | Villager (Male) |
| 15:27 | Crear | Villager (Male) |
| 15:45 | Crear | Villager (Male) |
| 15:46 | Crear | Villager (Male) |
| 15:48 | Construir | Farm |
| 15:58 | Construir | Farm |
| 16:01 | Crear | Villager (Male) |
| 16:01 | Crear | Villager (Male) |
| 16:22 | Construir | Farm |
| 16:23 | Crear | Villager (Male) |
| 16:24 | Crear | Villager (Male) |
| 16:36 | Crear | Organ Gun |
| 16:36 | Crear | Organ Gun |
| 16:36 | Crear | Organ Gun |
| 16:44 | Crear | Organ Gun |
| 16:54 | Construir | Mill |
| 17:03 | Crear | Villager (Male) |
| 17:04 | Crear | Villager (Male) |
| 17:13 | Crear | Organ Gun |
| 17:20 | Crear | Organ Gun |
| 17:23 | Crear | Villager (Male) |
| 17:26 | Construir | Farm |
| 17:39 | Crear | Villager (Male) |
| 17:40 | Crear | Villager (Male) |
| 17:45 | Investigar | Bow Saw |
| 17:46 | Investigar | Bow Saw |
| 17:58 | Crear | Organ Gun |
| 17:59 | Crear | Villager (Male) |
| 18:01 | Crear | Villager (Male) |
| 18:01 | Crear | Villager (Male) |
| 18:36 | Construir | Farm |
| 18:42 | Crear | Organ Gun |
| 18:55 | Construir | Farm |
| 19:05 | Crear | Villager (Male) |
| 19:05 | Crear | Villager (Male) |
| 19:06 | Crear | Villager (Male) |
| 19:06 | Crear | Villager (Male) |
| 19:06 | Crear | Villager (Male) |
| 19:12 | Investigar | Gold Mining |
| 19:12 | Investigar | Gold Mining |
| 19:27 | Construir | Lumber Camp |
| 19:34 | Crear | Organ Gun |
| 19:41 | Crear | Villager (Male) |
| 20:21 | Construir | Mining Camp |
| 20:26 | Crear | Organ Gun |
| 20:48 | Construir | Mill |
| 20:58 | Crear | Organ Gun |
| 20:58 | Crear | Organ Gun |
| 21:12 | Crear | Villager (Male) |
| 21:12 | Crear | Villager (Male) |
| 21:25 | Crear | Organ Gun |
| 21:25 | Crear | Organ Gun |
| 21:46 | Construir | House |
| 21:47 | Construir | House |
| 21:47 | Construir | House |
| 21:48 | Construir | House |
| 21:48 | Construir | House |
| 21:49 | Construir | House |
| 22:19 | Crear | Villager (Male) |
| 22:41 | Construir | Mining Camp |
| 22:48 | Construir | Town Center |
| 22:51 | Crear | Villager (Male) |
| 22:52 | Crear | Villager (Male) |
| 22:52 | Crear | Villager (Male) |
| 22:52 | Crear | Villager (Male) |
| 23:04 | Construir | House |
| 23:19 | Crear | Organ Gun |
| 23:19 | Crear | Organ Gun |
| 23:50 | Investigar | Imperial Age |
| 23:50 | Investigar | Imperial Age |
| 24:21 | Crear | Organ Gun |
| 24:21 | Crear | Organ Gun |
| 24:24 | Crear | Villager (Male) |
| 24:24 | Crear | Villager (Male) |
| 24:24 | Crear | Villager (Male) |
| 24:24 | Crear | Villager (Male) |
| 24:36 | Crear | Organ Gun |
| 24:37 | Crear | Organ Gun |
| 24:39 | Crear | Villager (Male) |
| 24:40 | Crear | Villager (Male) |
| 24:48 | Construir | House |
Build order — chuoi
136 acciones detectadas en el replay
| 0:01 | Crear | Villager (Male) |
| 0:01 | Crear | Villager (Male) |
| 0:02 | Construir | House |
| 0:03 | Construir | House |
| 0:10 | Crear | Villager (Male) |
| 0:11 | Crear | Villager (Male) |
| 1:25 | Crear | Villager (Male) |
| 1:26 | Crear | Villager (Male) |
| 1:47 | Construir | Lumber Camp |
| 1:59 | Crear | Villager (Male) |
| 2:00 | Crear | Villager (Male) |
| 2:15 | Crear | Villager (Male) |
| 2:45 | Crear | Villager (Male) |
| 2:46 | Crear | Villager (Male) |
| 3:15 | Crear | Villager (Male) |
| 3:31 | Crear | Villager (Male) |
| 3:32 | Crear | Villager (Male) |
| 3:41 | Construir | House |
| 3:55 | Crear | Villager (Male) |
| 4:15 | Crear | Villager (Male) |
| 4:30 | Crear | Villager (Male) |
| 4:30 | Crear | Villager (Male) |
| 4:37 | Crear | Villager (Male) |
| 5:25 | Crear | Villager (Male) |
| 5:30 | Construir | Barracks |
| 5:56 | Construir | House |
| 6:06 | Construir | House |
| 6:14 | Crear | Villager (Male) |
| 6:29 | Construir | House |
| 6:39 | Investigar | Loom |
| 6:48 | Construir | Palisade Wall |
| 6:56 | Construir | Mill |
| 7:04 | Investigar | Feudal Age |
| 7:04 | Investigar | Feudal Age |
| 7:20 | Crear | Militia |
| 7:20 | Crear | Militia |
| 7:23 | Crear | Militia |
| 7:33 | Construir | Mining Camp |
| 8:00 | Crear | Militia |
| 8:06 | Construir | House |
| 8:50 | Construir | Palisade Gate |
| 9:04 | Crear | Villager (Male) |
| 9:16 | Edad | Edad Feudal |
| 9:20 | Investigar | Man-at-Arms (upgrade) |
| 9:32 | Investigar | Double-Bit Axe |
| 9:54 | Crear | Villager (Male) |
| 10:05 | Crear | Villager (Male) |
| 10:13 | Construir | Stone Wall |
| 10:37 | Crear | Villager (Male) |
| 10:44 | Investigar | Horse Collar |
| 10:56 | Construir | Stone Wall |
| 10:57 | Construir | Stone Wall |
| 11:26 | Crear | Villager (Male) |
| 11:31 | Construir | Farm |
| 11:32 | Construir | Farm |
| 11:33 | Construir | Farm |
| 11:34 | Construir | Farm |
| 11:36 | Crear | Villager (Male) |
| 11:47 | Construir | Outpost |
| 11:48 | Crear | Villager (Male) |
| 11:54 | Construir | House |
| 11:55 | Construir | House |
| 11:59 | Crear | Villager (Male) |
| 12:22 | Construir | Farm |
| 12:25 | Construir | Farm |
| 12:30 | Crear | Villager (Male) |
| 12:40 | Construir | Building 487 |
| 12:42 | Crear | Villager (Male) |
| 12:48 | Crear | Villager (Male) |
| 12:58 | Crear | Villager (Male) |
| 13:00 | Construir | House |
| 13:05 | Construir | Farm |
| 13:05 | Construir | Farm |
| 13:12 | Construir | Mining Camp |
| 13:16 | Construir | Stone Wall |
| 13:21 | Construir | Stone Wall |
| 13:23 | Crear | Villager (Male) |
| 13:29 | Construir | Mining Camp |
| 13:51 | Construir | Stone Wall |
| 14:06 | Crear | Villager (Male) |
| 14:10 | Construir | Stone Wall |
| 14:23 | Crear | Villager (Male) |
| 14:30 | Construir | Stone Wall |
| 14:35 | Construir | Farm |
| 14:38 | Crear | Villager (Male) |
| 14:40 | Construir | Farm |
| 14:42 | Construir | Farm |
| 14:48 | Construir | Stone Wall |
| 15:05 | Construir | Stone Wall |
| 15:06 | Crear | Villager (Male) |
| 15:18 | Construir | Stone Wall |
| 15:25 | Construir | House |
| 15:38 | Construir | Market |
| 15:53 | Construir | Stone Wall |
| 15:59 | Crear | Villager (Male) |
| 16:32 | Construir | Outpost |
| 16:41 | Construir | Stone Wall |
| 16:53 | Crear | Villager (Male) |
| 16:56 | Construir | Blacksmith |
| 17:22 | Investigar | Castle Age |
| 17:32 | Investigar | Stone Mining |
| 17:53 | Crear | Villager (Male) |
| 18:00 | Crear | Villager (Male) |
| 18:03 | Construir | Building 487 |
| 18:04 | Crear | Villager (Male) |
| 18:08 | Construir | Building 487 |
| 18:10 | Construir | Stone Wall |
| 18:12 | Construir | Stone Wall |
| 18:13 | Crear | Villager (Male) |
| 18:29 | Construir | House |
| 18:32 | Crear | Villager (Male) |
| 18:37 | Investigar | Gold Mining |
| 18:48 | Crear | Villager (Male) |
| 18:53 | Construir | Stone Wall |
| 18:55 | Construir | Stone Wall |
| 19:17 | Crear | Villager (Male) |
| 19:29 | Construir | Stone Wall |
| 19:40 | Crear | Villager (Male) |
| 19:43 | Construir | Stone Wall |
| 19:54 | Construir | Stone Wall |
| 19:56 | Crear | Villager (Male) |
| 20:02 | Edad | Edad de los Castillos |
| 20:05 | Construir | Siege Workshop |
| 20:15 | Crear | Villager (Male) |
| 20:19 | Construir | Castle |
| 20:40 | Crear | Mangonel |
| 20:47 | Investigar | Bow Saw |
| 20:49 | Investigar | Wheelbarrow |
| 20:53 | Crear | Villager (Male) |
| 21:08 | Crear | Villager (Male) |
| 21:29 | Crear | Villager (Male) |
| 21:39 | Construir | House |
| 22:19 | Construir | Stone Wall |
| 22:30 | Crear | Mangonel |
| 22:37 | Construir | Town Center |
| 23:57 | Crear | Mangonel |
Build order — 第一天玩西班牙
Primeras 150 de 222 acciones detectadas
| 0:01 | Crear | Villager (Male) |
| 0:01 | Crear | Villager (Male) |
| 0:02 | Construir | House |
| 0:03 | Construir | House |
| 0:04 | Crear | Villager (Male) |
| 0:05 | Crear | Villager (Male) |
| 1:18 | Crear | Villager (Male) |
| 1:44 | Construir | Lumber Camp |
| 2:00 | Crear | Villager (Male) |
| 2:00 | Crear | Villager (Male) |
| 2:33 | Crear | Villager (Male) |
| 3:16 | Crear | Villager (Male) |
| 3:36 | Crear | Villager (Male) |
| 3:37 | Crear | Villager (Male) |
| 3:51 | Construir | House |
| 3:55 | Crear | Villager (Male) |
| 3:55 | Crear | Villager (Male) |
| 3:58 | Construir | House |
| 4:43 | Construir | Mill |
| 4:52 | Crear | Villager (Male) |
| 4:53 | Crear | Villager (Male) |
| 5:08 | Construir | Palisade Wall |
| 5:19 | Construir | Palisade Wall |
| 5:48 | Crear | Villager (Male) |
| 6:08 | Construir | Palisade Wall |
| 6:20 | Investigar | Feudal Age |
| 6:20 | Investigar | Feudal Age |
| 7:02 | Construir | House |
| 7:19 | Crear | Villager (Male) |
| 7:21 | Crear | Villager (Male) |
| 8:30 | Edad | Edad Feudal |
| 8:32 | Construir | Town Center |
| 8:48 | Crear | Villager (Male) |
| 8:57 | Crear | Villager (Male) |
| 9:14 | Crear | Villager (Male) |
| 9:19 | Investigar | Double-Bit Axe |
| 9:39 | Investigar | Horse Collar |
| 9:39 | Investigar | Horse Collar |
| 9:49 | Construir | Farm |
| 9:52 | Construir | Farm |
| 9:57 | Crear | Villager (Male) |
| 10:01 | Construir | House |
| 10:07 | Construir | House |
| 10:12 | Construir | House |
| 10:14 | Construir | House |
| 10:21 | Construir | Building 796 |
| 10:25 | Crear | Villager (Male) |
| 10:34 | Crear | Villager (Male) |
| 10:50 | Crear | Villager (Male) |
| 11:04 | Crear | Villager (Male) |
| 11:12 | Crear | Villager (Male) |
| 11:15 | Construir | House |
| 11:21 | Construir | Farm |
| 11:29 | Construir | Farm |
| 11:30 | Crear | Villager (Male) |
| 11:45 | Construir | Farm |
| 11:47 | Crear | Villager (Male) |
| 12:01 | Crear | Villager (Male) |
| 12:09 | Crear | Villager (Male) |
| 12:17 | Construir | Farm |
| 12:24 | Construir | Palisade Wall |
| 12:27 | Crear | Villager (Male) |
| 12:31 | Crear | Villager (Male) |
| 12:37 | Construir | Farm |
| 12:39 | Construir | Farm |
| 12:39 | Crear | Villager (Male) |
| 12:43 | Construir | Farm |
| 12:45 | Crear | Villager (Male) |
| 12:48 | Construir | Farm |
| 12:59 | Crear | Villager (Male) |
| 13:02 | Construir | Farm |
| 13:07 | Construir | Farm |
| 13:21 | Crear | Villager (Male) |
| 13:27 | Crear | Villager (Male) |
| 13:30 | Construir | Farm |
| 13:31 | Crear | Villager (Male) |
| 13:48 | Crear | Villager (Male) |
| 13:50 | Construir | Farm |
| 13:56 | Crear | Villager (Male) |
| 14:01 | Construir | Farm |
| 14:09 | Construir | Mining Camp |
| 14:18 | Crear | Villager (Male) |
| 14:30 | Crear | Villager (Male) |
| 14:32 | Crear | Villager (Male) |
| 14:38 | Construir | Market |
| 14:57 | Crear | Villager (Male) |
| 15:10 | Crear | Villager (Male) |
| 15:12 | Construir | Farm |
| 15:15 | Construir | Farm |
| 15:17 | Construir | Farm |
| 15:21 | Construir | Farm |
| 15:26 | Construir | Farm |
| 15:39 | Crear | Villager (Male) |
| 15:40 | Crear | Villager (Male) |
| 15:55 | Crear | Villager (Male) |
| 15:58 | Construir | Blacksmith |
| 16:12 | Crear | Villager (Male) |
| 16:16 | Construir | House |
| 16:21 | Construir | House |
| 16:37 | Investigar | Castle Age |
| 16:37 | Investigar | Castle Age |
| 16:44 | Construir | Barracks |
| 17:02 | Construir | House |
| 17:08 | Crear | Villager (Male) |
| 17:12 | Investigar | Wheelbarrow |
| 17:33 | Crear | Villager (Male) |
| 17:43 | Construir | Stable |
| 17:46 | Construir | Stable |
| 17:51 | Construir | Stable |
| 17:56 | Crear | Villager (Male) |
| 18:05 | Construir | Siege Workshop |
| 18:16 | Investigar | Scale Barding Armor |
| 18:16 | Investigar | Forging |
| 18:28 | Construir | Stable |
| 18:36 | Construir | Farm |
| 18:42 | Construir | Farm |
| 18:44 | Investigar | Bloodlines |
| 18:50 | Construir | Farm |
| 18:52 | Crear | Villager (Male) |
| 18:55 | Construir | Farm |
| 18:57 | Construir | Farm |
| 18:59 | Construir | Farm |
| 19:00 | Construir | Farm |
| 19:05 | Construir | Farm |
| 19:07 | Crear | Villager (Male) |
| 19:17 | Edad | Edad de los Castillos |
| 19:19 | Crear | Steppe Lancer |
| 19:20 | Crear | Steppe Lancer |
| 19:20 | Crear | Steppe Lancer |
| 19:20 | Crear | Steppe Lancer |
| 19:22 | Crear | Battering Ram |
| 19:22 | Crear | Battering Ram |
| 19:32 | Construir | Farm |
| 19:38 | Construir | Farm |
| 19:41 | Crear | Steppe Lancer |
| 19:41 | Crear | Steppe Lancer |
| 19:43 | Crear | Steppe Lancer |
| 19:51 | Crear | Steppe Lancer |
| 19:54 | Crear | Battering Ram |
| 19:54 | Crear | Battering Ram |
| 20:03 | Crear | Villager (Male) |
| 20:04 | Crear | Villager (Male) |
| 20:04 | Crear | Villager (Male) |
| 20:24 | Construir | House |
| 20:25 | Construir | House |
| 20:29 | Construir | House |
| 20:31 | Crear | Steppe Lancer |
| 20:31 | Crear | Steppe Lancer |
| 20:31 | Crear | Steppe Lancer |
| 20:33 | Crear | Steppe Lancer |
Build order — RaydeX
Primeras 150 de 155 acciones detectadas
| 0:00 | Crear | Villager (Male) |
| 0:01 | Crear | Villager (Male) |
| 0:01 | Crear | Villager (Male) |
| 0:02 | Construir | House |
| 0:03 | Construir | House |
| 0:14 | Crear | Villager (Male) |
| 0:14 | Crear | Villager (Male) |
| 0:15 | Crear | Villager (Male) |
| 1:34 | Crear | Villager (Male) |
| 1:34 | Crear | Villager (Male) |
| 1:58 | Crear | Villager (Male) |
| 1:58 | Crear | Villager (Male) |
| 2:14 | Construir | Lumber Camp |
| 2:16 | Crear | Villager (Male) |
| 2:16 | Crear | Villager (Male) |
| 2:17 | Crear | Villager (Male) |
| 2:47 | Crear | Villager (Male) |
| 2:47 | Crear | Villager (Male) |
| 2:47 | Crear | Villager (Male) |
| 3:00 | Crear | Villager (Male) |
| 3:00 | Crear | Villager (Male) |
| 3:30 | Construir | House |
| 3:33 | Crear | Villager (Male) |
| 3:33 | Crear | Villager (Male) |
| 3:33 | Crear | Villager (Male) |
| 3:54 | Crear | Villager (Male) |
| 4:05 | Construir | House |
| 4:20 | Crear | Villager (Male) |
| 4:21 | Crear | Villager (Male) |
| 4:37 | Construir | House |
| 4:58 | Crear | Villager (Male) |
| 4:58 | Crear | Villager (Male) |
| 4:58 | Crear | Villager (Male) |
| 5:11 | Construir | Palisade Wall |
| 5:20 | Crear | Villager (Male) |
| 5:20 | Crear | Villager (Male) |
| 5:20 | Crear | Villager (Male) |
| 5:41 | Construir | Mill |
| 5:57 | Construir | Palisade Wall |
| 6:06 | Crear | Villager (Male) |
| 6:06 | Crear | Villager (Male) |
| 6:06 | Crear | Villager (Male) |
| 6:06 | Crear | Villager (Male) |
| 6:08 | Crear | Villager (Male) |
| 6:08 | Crear | Villager (Male) |
| 6:08 | Crear | Villager (Male) |
| 6:56 | Construir | House |
| 7:01 | Construir | House |
| 7:10 | Crear | Villager (Male) |
| 7:10 | Crear | Villager (Male) |
| 7:16 | Construir | Lumber Camp |
| 8:04 | Construir | Palisade Wall |
| 8:19 | Construir | Mining Camp |
| 8:25 | Crear | Villager (Male) |
| 8:49 | Construir | Mining Camp |
| 8:55 | Investigar | Feudal Age |
| 9:23 | Crear | Villager (Male) |
| 9:23 | Crear | Villager (Male) |
| 9:37 | Construir | Farm |
| 9:40 | Construir | Farm |
| 9:52 | Construir | Farm |
| 11:21 | Edad | Edad Feudal |
| 11:27 | Construir | Blacksmith |
| 11:30 | Crear | Villager (Male) |
| 11:55 | Construir | Market |
| 11:59 | Construir | Market |
| 12:11 | Crear | Villager (Male) |
| 12:20 | Construir | House |
| 13:28 | Investigar | Castle Age |
| 14:07 | Investigar | Horse Collar |
| 14:11 | Construir | Farm |
| 14:13 | Construir | Farm |
| 14:15 | Construir | Farm |
| 14:25 | Construir | Farm |
| 14:27 | Construir | Farm |
| 14:53 | Investigar | Double-Bit Axe |
| 14:54 | Investigar | Double-Bit Axe |
| 15:19 | Crear | Villager (Male) |
| 16:08 | Edad | Edad de los Castillos |
| 16:13 | Construir | Town Center |
| 16:15 | Crear | Villager (Male) |
| 16:39 | Construir | Farm |
| 16:40 | Crear | Villager (Male) |
| 17:00 | Construir | Farm |
| 17:02 | Crear | Villager (Male) |
| 17:11 | Construir | Castle |
| 17:19 | Crear | Villager (Male) |
| 17:19 | Crear | Villager (Male) |
| 17:27 | Construir | Farm |
| 17:29 | Construir | Farm |
| 17:33 | Construir | Farm |
| 17:37 | Crear | Villager (Male) |
| 17:37 | Crear | Villager (Male) |
| 17:50 | Construir | Farm |
| 17:52 | Construir | Farm |
| 17:59 | Construir | House |
| 17:59 | Construir | House |
| 18:11 | Investigar | Wheelbarrow |
| 18:19 | Construir | Farm |
| 18:30 | Crear | Villager (Male) |
| 18:30 | Crear | Villager (Male) |
| 18:43 | Construir | Farm |
| 18:48 | Crear | Villager (Male) |
| 19:06 | Crear | Villager (Male) |
| 19:07 | Crear | Villager (Male) |
| 19:20 | Construir | Farm |
| 19:37 | Crear | Villager (Male) |
| 19:38 | Crear | Villager (Male) |
| 19:42 | Construir | Farm |
| 19:44 | Construir | Farm |
| 20:07 | Crear | Villager (Male) |
| 20:08 | Crear | Villager (Male) |
| 20:33 | Crear | Villager (Male) |
| 20:33 | Crear | Villager (Male) |
| 21:01 | Crear | Villager (Male) |
| 21:02 | Crear | Villager (Male) |
| 21:27 | Construir | Farm |
| 21:36 | Investigar | Imperial Age |
| 21:37 | Investigar | Loom |
| 21:39 | Crear | Rattan Archer |
| 21:43 | Construir | Farm |
| 21:45 | Crear | Rattan Archer |
| 21:56 | Crear | Villager (Male) |
| 21:56 | Crear | Villager (Male) |
| 22:14 | Crear | Rattan Archer |
| 22:16 | Crear | Villager (Male) |
| 22:33 | Investigar | Fletching |
| 22:34 | Investigar | Fletching |
| 22:34 | Crear | Rattan Archer |
| 22:34 | Crear | Rattan Archer |
| 22:37 | Crear | Villager (Male) |
| 23:11 | Crear | Villager (Male) |
| 23:13 | Crear | Rattan Archer |
| 23:28 | Crear | Rattan Archer |
| 23:28 | Crear | Rattan Archer |
| 23:34 | Construir | University |
| 23:37 | Crear | Villager (Male) |
| 23:43 | Investigar | Bodkin Arrow |
| 23:43 | Investigar | Bodkin Arrow |
| 23:43 | Investigar | Padded Archer Armor |
| 23:44 | Investigar | Padded Archer Armor |
| 24:06 | Crear | Villager (Male) |
| 24:06 | Crear | Villager (Male) |
| 24:42 | Crear | Rattan Archer |
| 24:46 | Crear | Villager (Male) |
| 24:46 | Edad | Edad Imperial |
| 24:47 | Investigar | Hand Cart |
| 24:47 | Investigar | Hand Cart |
| 24:52 | Crear | Trebuchet (Packed) |
| 25:10 | Construir | Castle |
Build order — 青衫天子
Primeras 150 de 173 acciones detectadas
| 0:01 | Crear | Villager (Male) |
| 0:01 | Crear | Villager (Male) |
| 0:01 | Crear | Villager (Male) |
| 0:02 | Construir | House |
| 0:03 | Construir | House |
| 0:05 | Crear | Villager (Male) |
| 1:31 | Crear | Villager (Male) |
| 1:32 | Crear | Villager (Male) |
| 1:57 | Crear | Villager (Male) |
| 2:04 | Construir | Lumber Camp |
| 2:12 | Crear | Villager (Male) |
| 2:37 | Construir | House |
| 2:40 | Construir | Palisade Wall |
| 2:44 | Crear | Villager (Male) |
| 2:56 | Crear | Villager (Male) |
| 3:26 | Crear | Villager (Male) |
| 3:35 | Construir | Palisade Gate |
| 3:40 | Crear | Villager (Male) |
| 4:12 | Construir | Palisade Wall |
| 4:16 | Crear | Villager (Male) |
| 4:41 | Construir | House |
| 4:53 | Crear | Villager (Male) |
| 4:58 | Crear | Villager (Male) |
| 4:59 | Crear | Villager (Male) |
| 5:06 | Construir | Mill |
| 5:39 | Crear | Villager (Male) |
| 5:58 | Crear | Villager (Male) |
| 5:59 | Crear | Villager (Male) |
| 6:15 | Crear | Villager (Male) |
| 6:30 | Crear | Villager (Male) |
| 7:39 | Construir | Mining Camp |
| 7:54 | Crear | Villager (Male) |
| 8:09 | Crear | Villager (Male) |
| 8:38 | Investigar | Feudal Age |
| 8:39 | Investigar | Feudal Age |
| 9:00 | Construir | House |
| 10:46 | Crear | Villager (Male) |
| 10:46 | Crear | Villager (Male) |
| 10:56 | Edad | Edad Feudal |
| 11:02 | Construir | Market |
| 11:03 | Construir | Blacksmith |
| 11:15 | Investigar | Double-Bit Axe |
| 11:20 | Construir | Mining Camp |
| 11:51 | Investigar | Castle Age |
| 11:51 | Investigar | Castle Age |
| 12:27 | Construir | Farm |
| 12:28 | Construir | Farm |
| 12:57 | Investigar | Horse Collar |
| 13:21 | Construir | Farm |
| 13:40 | Construir | Farm |
| 14:00 | Construir | Farm |
| 14:05 | Construir | Farm |
| 14:20 | Construir | Farm |
| 14:21 | Crear | Villager (Male) |
| 14:31 | Edad | Edad de los Castillos |
| 14:35 | Crear | Villager (Male) |
| 14:39 | Crear | Villager (Male) |
| 14:44 | Construir | Castle |
| 14:47 | Investigar | Bow Saw |
| 14:47 | Investigar | Bow Saw |
| 14:58 | Construir | Farm |
| 15:15 | Investigar | Wheelbarrow |
| 15:15 | Investigar | Wheelbarrow |
| 15:50 | Crear | Villager (Male) |
| 15:53 | Crear | Conquistador |
| 15:53 | Crear | Conquistador |
| 16:03 | Construir | Mill |
| 16:04 | Crear | Villager (Male) |
| 16:22 | Crear | Conquistador |
| 16:22 | Crear | Conquistador |
| 16:35 | Crear | Villager (Male) |
| 16:41 | Crear | Conquistador |
| 16:54 | Crear | Conquistador |
| 16:54 | Crear | Conquistador |
| 17:05 | Construir | Farm |
| 17:06 | Crear | Villager (Male) |
| 17:28 | Crear | Villager (Male) |
| 17:30 | Crear | Conquistador |
| 17:30 | Crear | Conquistador |
| 17:34 | Construir | Mining Camp |
| 18:05 | Crear | Conquistador |
| 18:08 | Crear | Villager (Male) |
| 18:26 | Crear | Villager (Male) |
| 18:29 | Crear | Conquistador |
| 18:29 | Crear | Conquistador |
| 18:43 | Crear | Conquistador |
| 18:43 | Crear | Conquistador |
| 18:43 | Crear | Villager (Male) |
| 18:53 | Construir | Town Center |
| 18:53 | Crear | Villager (Male) |
| 19:07 | Crear | Villager (Male) |
| 19:22 | Crear | Conquistador |
| 19:22 | Crear | Conquistador |
| 19:44 | Crear | Villager (Male) |
| 19:54 | Crear | Villager (Male) |
| 19:58 | Crear | Conquistador |
| 20:05 | Investigar | Town Watch |
| 20:05 | Investigar | Town Watch |
| 20:07 | Crear | Villager (Male) |
| 20:13 | Crear | Conquistador |
| 20:14 | Crear | Conquistador |
| 20:27 | Construir | Farm |
| 20:28 | Crear | Villager (Male) |
| 20:31 | Crear | Villager (Male) |
| 20:46 | Investigar | Padded Archer Armor |
| 20:46 | Investigar | Padded Archer Armor |
| 20:46 | Crear | Villager (Male) |
| 21:00 | Crear | Villager (Male) |
| 21:10 | Crear | Villager (Male) |
| 21:13 | Construir | Farm |
| 21:20 | Crear | Conquistador |
| 21:20 | Crear | Conquistador |
| 21:23 | Construir | Barracks |
| 21:29 | Investigar | Loom |
| 21:35 | Construir | House |
| 21:35 | Construir | House |
| 21:56 | Crear | Villager (Male) |
| 21:59 | Crear | Villager (Male) |
| 22:02 | Crear | Conquistador |
| 22:02 | Crear | Conquistador |
| 22:02 | Crear | Villager (Male) |
| 22:05 | Construir | Stable |
| 22:14 | Construir | Town Center |
| 22:14 | Crear | Villager (Male) |
| 22:18 | Crear | Villager (Male) |
| 22:32 | Crear | Villager (Male) |
| 22:36 | Construir | Mining Camp |
| 22:37 | Crear | Villager (Male) |
| 22:46 | Crear | Conquistador |
| 22:46 | Crear | Conquistador |
| 22:46 | Crear | Conquistador |
| 22:54 | Crear | Villager (Male) |
| 22:58 | Crear | Villager (Male) |
| 22:58 | Crear | Villager (Male) |
| 23:00 | Construir | Lumber Camp |
| 23:09 | Crear | Villager (Male) |
| 23:19 | Crear | Villager (Male) |
| 23:27 | Crear | Villager (Male) |
| 23:28 | Crear | Villager (Male) |
| 23:41 | Crear | Conquistador |
| 23:41 | Crear | Conquistador |
| 23:51 | Crear | Villager (Male) |
| 24:01 | Crear | Villager (Male) |
| 24:06 | Crear | Villager (Male) |
| 24:09 | Construir | Farm |
| 24:10 | Crear | Villager (Male) |
| 24:12 | Construir | House |
| 24:13 | Construir | House |
| 24:14 | Construir | House |
| 24:26 | Investigar | Heavy Plow |
Build order — 血色浪漫99199
Primeras 150 de 183 acciones detectadas
| 0:00 | Crear | Villager (Male) |
| 0:00 | Crear | Villager (Male) |
| 0:01 | Crear | Villager (Male) |
| 0:02 | Construir | House |
| 0:04 | Construir | House |
| 0:10 | Crear | Villager (Male) |
| 1:28 | Crear | Villager (Male) |
| 1:53 | Construir | Lumber Camp |
| 1:58 | Crear | Villager (Male) |
| 2:15 | Crear | Villager (Male) |
| 2:52 | Crear | Villager (Male) |
| 2:59 | Construir | House |
| 3:14 | Crear | Villager (Male) |
| 3:47 | Crear | Villager (Male) |
| 3:54 | Crear | Villager (Male) |
| 4:04 | Construir | House |
| 4:23 | Construir | Palisade Wall |
| 4:31 | Construir | Mill |
| 4:37 | Crear | Villager (Male) |
| 4:37 | Crear | Villager (Male) |
| 4:39 | Construir | Palisade Wall |
| 4:41 | Construir | Palisade Wall |
| 4:43 | Construir | Palisade Wall |
| 5:13 | Crear | Villager (Male) |
| 5:18 | Construir | House |
| 5:29 | Construir | Palisade Wall |
| 5:29 | Construir | Palisade Wall |
| 5:30 | Construir | Palisade Wall |
| 5:41 | Crear | Villager (Male) |
| 6:12 | Crear | Villager (Male) |
| 6:33 | Crear | Villager (Male) |
| 6:59 | Crear | Villager (Male) |
| 7:17 | Crear | Villager (Male) |
| 7:34 | Crear | Villager (Male) |
| 8:03 | Crear | Villager (Male) |
| 8:13 | Construir | Farm |
| 8:25 | Construir | Farm |
| 8:34 | Crear | Villager (Male) |
| 8:36 | Construir | Farm |
| 8:52 | Construir | Mining Camp |
| 9:13 | Investigar | Feudal Age |
| 10:05 | Construir | Building 800 |
| 10:07 | Crear | Villager (Male) |
| 10:13 | Construir | Farm |
| 10:23 | Construir | Palisade Wall |
| 10:38 | Crear | Villager (Male) |
| 11:23 | Edad | Edad Feudal |
| 11:25 | Construir | Blacksmith |
| 11:31 | Construir | Market |
| 12:17 | Investigar | Castle Age |
| 12:31 | Investigar | Double-Bit Axe |
| 12:34 | Investigar | Horse Collar |
| 12:51 | Construir | Lumber Camp |
| 13:18 | Construir | House |
| 13:38 | Crear | Villager (Male) |
| 13:53 | Crear | Villager (Male) |
| 14:57 | Edad | Edad de los Castillos |
| 14:59 | Construir | Town Center |
| 15:10 | Construir | Town Center |
| 15:25 | Investigar | Bow Saw |
| 15:33 | Crear | Villager (Male) |
| 15:34 | Construir | Farm |
| 15:51 | Construir | Farm |
| 15:58 | Crear | Villager (Male) |
| 16:12 | Crear | Villager (Male) |
| 16:15 | Construir | Farm |
| 16:20 | Crear | Villager (Male) |
| 16:20 | Crear | Villager (Male) |
| 16:22 | Construir | Farm |
| 16:27 | Construir | Farm |
| 16:28 | Construir | Farm |
| 16:30 | Crear | Villager (Male) |
| 16:32 | Construir | Farm |
| 16:44 | Crear | Villager (Male) |
| 16:45 | Crear | Villager (Male) |
| 16:55 | Construir | Farm |
| 16:58 | Crear | Villager (Male) |
| 16:59 | Crear | Villager (Male) |
| 17:10 | Construir | House |
| 17:19 | Construir | House |
| 17:20 | Crear | Villager (Male) |
| 17:22 | Construir | Farm |
| 17:26 | Crear | Villager (Male) |
| 17:26 | Crear | Villager (Male) |
| 17:30 | Construir | Farm |
| 17:31 | Construir | Farm |
| 17:34 | Construir | Farm |
| 17:36 | Crear | Villager (Male) |
| 17:41 | Construir | Farm |
| 17:41 | Construir | Farm |
| 17:51 | Crear | Villager (Male) |
| 17:51 | Crear | Villager (Male) |
| 17:58 | Construir | House |
| 18:02 | Construir | Farm |
| 18:05 | Crear | Villager (Male) |
| 18:08 | Construir | Farm |
| 18:09 | Construir | Farm |
| 18:11 | Crear | Villager (Male) |
| 18:21 | Crear | Villager (Male) |
| 18:25 | Construir | Farm |
| 18:31 | Crear | Villager (Male) |
| 18:44 | Construir | Barracks |
| 18:46 | Construir | Farm |
| 18:50 | Construir | Farm |
| 18:51 | Crear | Villager (Male) |
| 18:53 | Construir | Farm |
| 18:58 | Crear | Villager (Male) |
| 19:00 | Crear | Villager (Male) |
| 19:03 | Construir | Farm |
| 19:05 | Crear | Villager (Male) |
| 19:10 | Crear | Villager (Male) |
| 19:11 | Crear | Villager (Male) |
| 19:14 | Crear | Villager (Male) |
| 19:15 | Crear | Villager (Male) |
| 19:39 | Crear | Villager (Male) |
| 19:41 | Construir | Archery Range |
| 19:43 | Investigar | Fletching |
| 19:43 | Investigar | Padded Archer Armor |
| 19:55 | Crear | Villager (Male) |
| 19:57 | Construir | Mining Camp |
| 19:59 | Crear | Villager (Male) |
| 20:05 | Crear | Villager (Male) |
| 20:11 | Construir | Farm |
| 20:12 | Construir | Farm |
| 20:15 | Construir | Farm |
| 20:17 | Crear | Villager (Male) |
| 20:17 | Crear | Villager (Male) |
| 20:18 | Crear | Villager (Male) |
| 20:30 | Crear | Skirmisher |
| 20:34 | Crear | Genitour |
| 20:38 | Construir | House |
| 20:39 | Construir | House |
| 20:47 | Crear | Genitour |
| 20:48 | Crear | Villager (Male) |
| 20:48 | Crear | Villager (Male) |
| 20:57 | Investigar | Wheelbarrow |
| 21:02 | Construir | Farm |
| 21:03 | Construir | Farm |
| 21:10 | Construir | House |
| 21:12 | Construir | House |
| 21:13 | Construir | House |
| 21:14 | Crear | Villager (Male) |
| 21:15 | Crear | Villager (Male) |
| 21:18 | Crear | Villager (Male) |
| 21:19 | Crear | Genitour |
| 21:20 | Crear | Genitour |
| 21:33 | Construir | Farm |
| 21:35 | Construir | Farm |
| 21:35 | Construir | Farm |
| 21:39 | Construir | Farm |
Build order — 僵豹
Primeras 150 de 156 acciones detectadas
| 0:00 | Crear | Villager (Male) |
| 0:02 | Construir | House |
| 0:03 | Construir | House |
| 0:06 | Crear | Villager (Male) ×3 |
| 1:29 | Crear | Villager (Male) |
| 1:47 | Construir | Lumber Camp |
| 1:54 | Crear | Villager (Male) |
| 1:54 | Crear | Villager (Male) |
| 2:16 | Crear | Villager (Male) |
| 2:16 | Crear | Villager (Male) |
| 2:35 | Crear | Villager (Male) |
| 2:35 | Crear | Villager (Male) |
| 3:07 | Crear | Villager (Male) |
| 3:07 | Crear | Villager (Male) |
| 3:48 | Crear | Villager (Male) |
| 3:49 | Crear | Villager (Male) |
| 3:49 | Crear | Villager (Male) |
| 4:00 | Construir | House |
| 4:22 | Crear | Villager (Male) |
| 4:26 | Construir | Mill |
| 4:31 | Construir | Mill |
| 5:06 | Crear | Villager (Male) |
| 5:32 | Crear | Villager (Male) |
| 5:32 | Crear | Villager (Male) |
| 5:42 | Construir | House |
| 5:43 | Construir | House |
| 6:27 | Crear | Villager (Male) |
| 6:31 | Crear | Villager (Male) |
| 6:35 | Crear | Villager (Male) |
| 6:47 | Construir | Mining Camp |
| 6:52 | Crear | Villager (Male) |
| 8:15 | Investigar | Feudal Age |
| 8:16 | Investigar | Feudal Age |
| 8:44 | Construir | House |
| 8:50 | Construir | Building 796 |
| 8:52 | Construir | House |
| 8:55 | Construir | Palisade Wall |
| 9:20 | Construir | Building 796 |
| 9:57 | Crear | Villager (Male) |
| 10:00 | Investigar | Loom |
| 10:10 | Construir | Palisade Wall |
| 10:11 | Construir | Palisade Wall |
| 10:13 | Construir | Palisade Wall |
| 10:30 | Construir | Mining Camp |
| 10:31 | Edad | Edad Feudal |
| 10:34 | Construir | Market |
| 10:36 | Construir | Blacksmith |
| 11:23 | Construir | Palisade Wall |
| 11:28 | Construir | House |
| 11:32 | Investigar | Castle Age |
| 11:39 | Construir | Palisade Wall |
| 11:52 | Construir | Stone Wall |
| 11:53 | Construir | Stone Wall |
| 12:43 | Investigar | Double-Bit Axe |
| 12:43 | Investigar | Double-Bit Axe |
| 13:02 | Construir | Stone Wall |
| 13:03 | Construir | Stone Wall |
| 13:04 | Construir | Stone Wall |
| 13:07 | Construir | Stone Wall |
| 13:38 | Crear | Villager (Male) |
| 13:42 | Investigar | Horse Collar |
| 13:43 | Investigar | Horse Collar |
| 13:45 | Construir | Farm |
| 14:12 | Edad | Edad de los Castillos |
| 14:14 | Construir | Castle |
| 14:27 | Crear | Villager (Male) |
| 15:09 | Construir | Farm |
| 15:09 | Construir | Farm |
| 15:10 | Construir | Farm |
| 15:14 | Construir | Farm |
| 15:15 | Construir | Farm |
| 15:18 | Construir | Farm |
| 15:29 | Crear | War Wagon |
| 15:29 | Crear | War Wagon |
| 15:30 | Crear | War Wagon |
| 15:49 | Crear | Villager (Male) |
| 15:50 | Crear | Villager (Male) |
| 16:18 | Crear | Villager (Male) |
| 16:20 | Crear | War Wagon |
| 16:30 | Crear | Villager (Male) |
| 16:50 | Crear | War Wagon |
| 16:50 | Crear | War Wagon |
| 16:56 | Crear | Villager (Male) |
| 17:06 | Crear | War Wagon |
| 17:06 | Crear | War Wagon |
| 17:20 | Crear | Villager (Male) |
| 17:28 | Construir | Farm |
| 17:53 | Crear | Villager (Male) |
| 18:00 | Crear | Villager (Male) |
| 18:06 | Construir | Siege Workshop |
| 18:16 | Construir | Watch Tower |
| 18:23 | Crear | Villager (Male) |
| 18:26 | Crear | War Wagon |
| 18:26 | Crear | War Wagon |
| 18:42 | Construir | Mill |
| 18:58 | Crear | Battering Ram |
| 18:58 | Crear | Battering Ram |
| 18:59 | Crear | Villager (Male) |
| 19:02 | Crear | Villager (Male) |
| 19:16 | Construir | Lumber Camp |
| 19:24 | Investigar | Fletching |
| 19:29 | Construir | Farm |
| 19:31 | Construir | Farm |
| 19:44 | Crear | Villager (Male) |
| 19:44 | Crear | Villager (Male) |
| 19:57 | Crear | Battering Ram |
| 19:57 | Crear | Battering Ram |
| 19:58 | Crear | Villager (Male) |
| 19:59 | Crear | Villager (Male) |
| 20:14 | Crear | War Wagon |
| 20:14 | Crear | War Wagon |
| 20:16 | Crear | Villager (Male) |
| 20:29 | Crear | Villager (Male) |
| 20:30 | Crear | Villager (Male) |
| 20:35 | Crear | Battering Ram |
| 20:36 | Crear | Battering Ram |
| 20:53 | Crear | Villager (Male) |
| 21:19 | Crear | War Wagon |
| 21:19 | Crear | War Wagon |
| 21:20 | Crear | War Wagon |
| 21:22 | Crear | Battering Ram |
| 21:40 | Crear | Villager (Male) |
| 22:00 | Crear | Villager (Male) |
| 22:09 | Crear | Villager (Male) |
| 22:12 | Crear | War Wagon |
| 22:23 | Crear | Villager (Male) |
| 22:33 | Crear | Battering Ram |
| 22:33 | Crear | Battering Ram |
| 22:34 | Crear | Villager (Male) |
| 22:38 | Construir | Town Center |
| 23:08 | Investigar | Bow Saw |
| 23:08 | Investigar | Bow Saw |
| 23:11 | Investigar | Wheelbarrow |
| 23:11 | Investigar | Wheelbarrow |
| 23:31 | Crear | Villager (Male) |
| 23:34 | Crear | Battering Ram |
| 23:41 | Crear | Villager (Male) |
| 23:50 | Construir | Farm |
| 23:50 | Construir | Farm |
| 23:50 | Construir | Farm |
| 23:50 | Construir | Farm |
| 23:54 | Construir | Farm |
| 24:10 | Crear | Villager (Male) |
| 24:18 | Crear | Villager (Male) |
| 24:26 | Crear | Battering Ram |
| 24:37 | Crear | Villager (Male) |
| 25:00 | Crear | Villager (Male) |
| 25:08 | Crear | Villager (Male) |
| 25:16 | Crear | War Wagon |
| 25:16 | Crear | War Wagon |
Build order — bav_tarantula
Primeras 150 de 162 acciones detectadas
| 0:01 | Crear | Villager (Male) |
| 0:01 | Crear | Villager (Male) |
| 0:01 | Crear | Villager (Male) |
| 0:02 | Crear | Villager (Male) |
| 0:02 | Construir | House |
| 0:05 | Construir | House |
| 1:30 | Crear | Villager (Male) |
| 1:30 | Crear | Villager (Male) |
| 1:45 | Construir | Lumber Camp |
| 2:03 | Crear | Villager (Male) |
| 2:03 | Crear | Villager (Male) |
| 2:19 | Crear | Villager (Male) |
| 2:19 | Crear | Villager (Male) |
| 2:51 | Crear | Villager (Male) |
| 3:18 | Crear | Villager (Male) |
| 3:44 | Crear | Villager (Male) |
| 3:45 | Crear | Villager (Male) |
| 3:49 | Construir | House |
| 4:10 | Crear | Villager (Male) |
| 4:29 | Construir | House |
| 4:35 | Crear | Villager (Male) |
| 4:35 | Crear | Villager (Male) |
| 4:59 | Construir | Palisade Wall |
| 5:00 | Construir | Building 800 |
| 5:10 | Crear | Villager (Male) |
| 5:10 | Crear | Villager (Male) |
| 5:29 | Crear | Villager (Male) |
| 5:40 | Crear | Villager (Male) |
| 5:44 | Construir | Mill |
| 5:50 | Construir | House |
| 6:23 | Construir | Palisade Wall |
| 6:26 | Crear | Villager (Male) |
| 6:52 | Crear | Villager (Male) |
| 6:55 | Construir | Barracks |
| 7:20 | Crear | Villager (Male) |
| 7:53 | Crear | Villager (Male) |
| 8:00 | Construir | Mining Camp |
| 8:20 | Crear | Villager (Male) |
| 8:49 | Crear | Villager (Male) |
| 9:00 | Crear | Villager (Male) |
| 9:24 | Construir | Mining Camp |
| 9:33 | Construir | Mining Camp |
| 9:38 | Investigar | Feudal Age |
| 10:07 | Crear | Villager (Male) |
| 10:08 | Crear | Villager (Male) |
| 11:22 | Construir | Farm |
| 11:23 | Construir | Farm |
| 11:26 | Construir | Farm |
| 11:27 | Construir | Farm |
| 11:55 | Edad | Edad Feudal |
| 11:56 | Construir | Stable |
| 12:04 | Construir | Market |
| 12:16 | Construir | Farm |
| 12:57 | Investigar | Castle Age |
| 12:58 | Investigar | Horse Collar |
| 13:20 | Investigar | Double-Bit Axe |
| 13:28 | Construir | House |
| 14:27 | Construir | Farm |
| 14:28 | Construir | Farm |
| 15:37 | Edad | Edad de los Castillos |
| 15:40 | Crear | Villager (Male) |
| 15:40 | Crear | Villager (Male) |
| 15:46 | Construir | Town Center |
| 15:54 | Construir | Town Center |
| 16:27 | Crear | Villager (Male) |
| 16:34 | Construir | Monastery |
| 16:44 | Crear | Villager (Male) |
| 16:48 | Construir | Farm |
| 16:59 | Crear | Villager (Male) |
| 17:21 | Crear | Villager (Male) |
| 17:22 | Construir | Farm |
| 17:27 | Construir | Farm |
| 17:30 | Crear | Villager (Male) |
| 17:30 | Crear | Villager (Male) |
| 17:36 | Construir | House |
| 17:37 | Crear | Monk |
| 17:38 | Crear | Monk |
| 17:49 | Construir | Stone Wall |
| 17:53 | Construir | Building 665 |
| 17:55 | Construir | Stone Wall |
| 17:57 | Construir | Stone Wall |
| 17:59 | Crear | Villager (Male) |
| 17:59 | Crear | Villager (Male) |
| 18:00 | Crear | Villager (Male) |
| 18:01 | Crear | Villager (Male) |
| 18:01 | Crear | Villager (Male) |
| 18:03 | Construir | Farm |
| 18:04 | Construir | Farm |
| 18:11 | Construir | Farm |
| 18:20 | Crear | Villager (Male) |
| 18:30 | Investigar | Husbandry |
| 18:44 | Construir | Blacksmith |
| 18:58 | Crear | Villager (Male) |
| 19:12 | Construir | Farm |
| 19:13 | Construir | Farm |
| 19:14 | Construir | Farm |
| 19:15 | Crear | Villager (Male) |
| 19:17 | Crear | Villager (Male) |
| 19:19 | Investigar | Fletching |
| 19:35 | Construir | Farm |
| 19:35 | Crear | Villager (Male) |
| 19:36 | Crear | Villager (Male) |
| 19:42 | Crear | Villager (Male) |
| 19:50 | Construir | Farm |
| 19:55 | Investigar | Loom |
| 20:06 | Crear | Villager (Male) |
| 20:06 | Crear | Villager (Male) |
| 20:07 | Crear | Villager (Male) |
| 20:10 | Construir | House |
| 20:11 | Construir | House |
| 20:12 | Construir | House |
| 20:32 | Crear | Villager (Male) |
| 20:33 | Crear | Villager (Male) |
| 20:38 | Construir | Farm |
| 20:40 | Construir | Farm |
| 20:58 | Construir | Castle |
| 21:06 | Investigar | Wheelbarrow |
| 21:07 | Crear | Villager (Male) |
| 21:10 | Construir | Farm |
| 21:11 | Construir | Farm |
| 21:14 | Crear | Villager (Male) |
| 21:22 | Construir | Farm |
| 21:39 | Investigar | Bloodlines |
| 21:39 | Investigar | Bloodlines |
| 22:02 | Crear | Camel Archer |
| 22:02 | Crear | Camel Archer |
| 22:02 | Crear | Camel Archer |
| 22:04 | Crear | Camel Archer |
| 22:20 | Crear | Villager (Male) |
| 22:21 | Crear | Villager (Male) |
| 22:21 | Crear | Villager (Male) |
| 22:22 | Crear | Villager (Male) |
| 22:30 | Crear | Knight |
| 22:30 | Crear | Knight |
| 22:30 | Crear | Knight |
| 22:33 | Crear | Knight |
| 22:33 | Crear | Knight |
| 23:09 | Crear | Villager (Male) |
| 23:09 | Crear | Villager (Male) |
| 23:11 | Crear | Villager (Male) |
| 23:11 | Crear | Villager (Male) |
| 23:11 | Crear | Villager (Male) |
| 23:20 | Construir | Town Center |
| 23:27 | Construir | House |
| 23:28 | Construir | House |
| 23:42 | Crear | Villager (Male) |
| 23:43 | Crear | Villager (Male) |
| 23:43 | Crear | Villager (Male) |
| 23:45 | Crear | Villager (Male) |
| 23:46 | Crear | Villager (Male) |
Cronología de la partida
| 2:40 | 青衫天子 · wall_segment Palisade Wall x11 |
| 4:12 | 青衫天子 · wall_segment Palisade Wall x3 |
| 4:23 | 血色浪漫99199 · wall_segment Palisade Wall x1 |
| 4:39 | 大橘八 · wall_segment Palisade Wall x2 |
| 4:39 | 血色浪漫99199 · wall_segment Palisade Wall x1 |
| 4:41 | 血色浪漫99199 · wall_segment Palisade Wall x1 |
| 4:43 | 血色浪漫99199 · wall_segment Palisade Wall x1 |
| 4:59 | bav_tarantula · wall_segment Palisade Wall x4 |
| 5:08 | 第一天玩西班牙 · wall_segment Palisade Wall x8 |
| 5:11 | RaydeX · wall_segment Palisade Wall x6 |
| 5:19 | 第一天玩西班牙 · wall_segment Palisade Wall x13 |
| 5:29 | 血色浪漫99199 · wall_segment Palisade Wall x1 |
| 5:29 | 血色浪漫99199 · wall_segment Palisade Wall x1 |
| 5:30 | chuoi · first_building Barracks |
| 5:30 | 血色浪漫99199 · wall_segment Palisade Wall x1 |
| 5:57 | RaydeX · wall_segment Palisade Wall x7 |
| 6:08 | 第一天玩西班牙 · wall_segment Palisade Wall x14 |
| 6:23 | bav_tarantula · wall_segment Palisade Wall x1 |
| 6:48 | chuoi · wall_segment Palisade Wall x6 |
| 6:55 | bav_tarantula · first_building Barracks |
| 8:04 | RaydeX · wall_segment Palisade Wall x1 |
| 8:30 | 第一天玩西班牙 · age_up feudal |
| 8:55 | 僵豹 · wall_segment Palisade Wall x1 |
| 9:16 | chuoi · age_up feudal |
| 10:10 | 僵豹 · wall_segment Palisade Wall x1 |
| 10:11 | 僵豹 · wall_segment Palisade Wall x1 |
| 10:13 | 僵豹 · wall_segment Palisade Wall x1 |
| 10:13 | chuoi · wall_segment Stone Wall x6 |
| 10:23 | 血色浪漫99199 · wall_segment Palisade Wall x1 |
| 10:31 | 僵豹 · age_up feudal |
| 10:56 | chuoi · wall_segment Stone Wall x6 |
| 10:56 | 青衫天子 · age_up feudal |
| 10:57 | 大橘八 · age_up feudal |
| 10:57 | chuoi · wall_segment Stone Wall x3 |
| 11:21 | RaydeX · age_up feudal |
| 11:23 | 血色浪漫99199 · age_up feudal |
| 11:23 | 僵豹 · wall_segment Palisade Wall x1 |
| 11:31 | 僵豹 · first_market_sell 100 wood |
| 11:39 | 僵豹 · wall_segment Palisade Wall x1 |
| 11:50 | 青衫天子 · first_market_sell 100 stone |
| 11:52 | 僵豹 · wall_segment Stone Wall x1 |
| 11:53 | 僵豹 · wall_segment Stone Wall x1 |
| 11:55 | bav_tarantula · age_up feudal |
| 11:56 | bav_tarantula · first_building Stable |
| 12:24 | 第一天玩西班牙 · wall_segment Palisade Wall x13 |
| 13:02 | 僵豹 · wall_segment Stone Wall x1 |
| 13:03 | 僵豹 · wall_segment Stone Wall x1 |
| 13:04 | 僵豹 · wall_segment Stone Wall x1 |
| 13:07 | 僵豹 · wall_segment Stone Wall x1 |
| 13:16 | chuoi · wall_segment Stone Wall x1 |
| 13:21 | chuoi · wall_segment Stone Wall x9 |
| 13:31 | 僵豹 · first_market_buy 100 food |
| 13:51 | chuoi · wall_segment Stone Wall x1 |
| 14:10 | chuoi · wall_segment Stone Wall x1 |
| 14:12 | 僵豹 · age_up castle |
| 14:14 | 僵豹 · first_building Castle |
| 14:28 | 大橘八 · age_up castle |
| 14:30 | chuoi · wall_segment Stone Wall x1 |
| 14:31 | 青衫天子 · age_up castle |
| 14:39 | 青衫天子 · first_market_buy 100 stone |
| 14:44 | 青衫天子 · first_building Castle |
| 14:48 | chuoi · wall_segment Stone Wall x1 |
| 14:50 | 大橘八 · first_building Castle |
| 14:57 | 血色浪漫99199 · age_up castle |
| 15:05 | chuoi · wall_segment Stone Wall x1 |
| 15:18 | chuoi · wall_segment Stone Wall x6 |
| 15:37 | bav_tarantula · age_up castle |
| 15:53 | chuoi · wall_segment Stone Wall x1 |
| 16:08 | RaydeX · age_up castle |
| 16:34 | bav_tarantula · first_building Monastery |
| 16:41 | chuoi · wall_segment Stone Wall x1 |
| 16:44 | 第一天玩西班牙 · first_building Barracks |
| 16:48 | chuoi · first_market_buy 100 food |
| 17:11 | RaydeX · first_building Castle |
| 17:43 | 第一天玩西班牙 · first_building Stable |
| 17:49 | bav_tarantula · wall_segment Stone Wall x6 |
| 17:55 | bav_tarantula · wall_segment Stone Wall x5 |
| 17:57 | bav_tarantula · wall_segment Stone Wall x4 |
| 18:05 | 第一天玩西班牙 · first_building Siege Workshop |
| 18:06 | 僵豹 · first_building Siege Workshop |
| 18:10 | chuoi · wall_segment Stone Wall x1 |
| 18:12 | chuoi · wall_segment Stone Wall x6 |
| 18:44 | 血色浪漫99199 · first_building Barracks |
| 18:53 | chuoi · wall_segment Stone Wall x1 |
| 18:55 | chuoi · wall_segment Stone Wall x5 |
| 19:17 | 第一天玩西班牙 · age_up castle |
| 19:29 | chuoi · wall_segment Stone Wall x3 |
| 19:41 | 血色浪漫99199 · first_building Archery Range |
| 19:43 | chuoi · wall_segment Stone Wall x1 |
| 19:54 | chuoi · wall_segment Stone Wall x3 |
| 20:02 | chuoi · age_up castle |
| 20:05 | chuoi · first_building Siege Workshop |
| 20:19 | chuoi · first_building Castle |
| 20:39 | chuoi · first_market_sell 100 food |
| 20:58 | bav_tarantula · first_building Castle |
| 21:05 | RaydeX · first_market_sell 100 wood |
| 21:09 | RaydeX · first_market_buy 100 food |
| 21:23 | 青衫天子 · first_building Barracks |
| 22:05 | 青衫天子 · first_building Stable |
| 22:19 | chuoi · wall_segment Stone Wall x1 |
| 23:34 | 大橘八 · first_market_sell 100 food |
| 24:46 | RaydeX · age_up imperial |
| 24:48 | chuoi · resign |
[ ANÁLISIS IA · 1 CRÉDITO ]
¿Qué pasó realmente en esta partida?
Wolo.gg analiza cada decisión: build order, eco, micro, errores típicos por bracket. Análisis personalizado por WhatsApp o Discord en 30 segundos.
Guía civ
Portugueses
Perfil
Jugador #22830951